 Dungeon Crawl Stone Soup version 0.31-b1-22-gc680215f68 (webtiles) character file.

Game seed: 9046739832403894783

584 BigPumpCobain the Chopper (level 7, -7/53 (61) HPs)
             Began as a Minotaur Fighter on Jan 18, 2024.
             Mangled by Duvessa
             ... wielding a +0 short sword of draining
              (16 damage)
             ... on level 4 of the Dungeon.
             The game lasted 00:03:02 (2961 turns).

BigPumpCobain the Chopper (Minotaur Fighter)        Turns: 2961, Time: 00:03:03

HP:   -7/53 (61)    AC:  8    Str: 22    XL:     7   Next: 14%
MP:   6/6           EV:  9    Int:  5    God:
Gold: 152           SH:  5    Dex: 16    Spells: 6/6 levels left

rFire   . . .        x - +0 broad axe
rCold   + . .        c - +0 buckler
rNeg    . . .        b - +0 scale mail
rPois   .            (helmet restricted)
rElec   .            (no cloak)
rCorr   .            (no gloves)
SInv    .            l - +0 pair of boots
Will    .....        (no amulet) Stlth
                     f - ring of protection from cold
HPRegen 0.28/turn    n - +6 ring of dexterity
MPRegen 0.10/turn

%: no passive effects
@: heavily drained
A: horns 2, retaliatory headbutt
a: no special abilities


You were on level 4 of the Dungeon.
You visited 2 branches of the dungeon, and saw 5 of its levels.

You collected 152 gold pieces.

Inventory:

Hand Weapons
 x - a +0 broad axe (weapon)
Armour
 b - a +0 scale mail (worn)
 c - a +0 buckler (worn)
 l - a +0 pair of boots (worn)
Jewellery
 f - a ring of protection from cold (left hand)
 n - a +6 ring of dexterity (right hand)
 t - an amulet of magic regeneration
Wands
 y - a wand of flame (5)
Scrolls
 a - a scroll of noise {unknown}
 e - a scroll of vulnerability
 g - a scroll of teleportation {unknown}
 j - a scroll of summoning {unknown}
 k - a scroll of revelation
 s - a scroll of immolation
 v - a scroll of fog {unknown}
 w - 3 scrolls of identify {unknown}
Potions
 d - a potion of might
 h - 2 potions of attraction {unknown}
 i - a potion of resistance {unknown}
 m - a potion of ambrosia {unknown}
 o - 2 potions of haste {unknown}
 p - a potion of lignification {unknown}
 q - a potion of mutation {unknown}
 r - a potion of invisibility {unknown}
 u - 4 potions of curing {unknown}


   Skills:
 + Level 5.4 Fighting
 * Level 6.2 Axes
 + Level 5.4 Armour
 + Level 5.4 Shields


You had 6 spell levels left.
You didn't know any spells.
Your spell library contained the following spells:

 Spells                   Type           Power      Damage    Failure   Level
 Summon Small Mammal      Summ           0%         N/A       85%         1
 Call Imp                 Summ           0%         N/A       94%         2
 Sublimation of Blood     Necr           0%         N/A       94%         2
 Call Canine Familiar     Summ           0%         N/A       99%         3
 Hailstorm                Conj/Ice       0%         3d5       99%         3
 Summon Ice Beast         Ice/Summ       0%         N/A       99%         3
 Summon Blazeheart Golem  Fire/Summ      0%         N/A       100%        4
 Sculpt Simulacrum        Ice/Alch       0%         N/A       100%        6
 Summon Hydra             Summ           0%         N/A       100%        7


Dungeon Overview and Level Annotations

Branches:
Dungeon (4/15)             Temple (1/1) D:4

Altars:
Cheibriados
Dithmenos
Makhleb
Nemelex Xobeh
Okawaru
Qazlal
Ru
Sif Muna
Uskayaw
Vehumet
Wu Jian
Xom
Zin
The Shining One

Annotations:
D:4 Duvessa


Innate Abilities, Weirdness & Mutations

You have a pair of horns on your head.
You reflexively headbutt those who attack you in melee.


Message History

Duvessa barely misses you.
Your life force feels restored.
You closely miss Duvessa.
Duvessa is moderately wounded.
Duvessa hits you with a +0 short sword of draining!
You feel drained. Duvessa closely misses you.
You slash Duvessa!
Duvessa is heavily wounded.
Duvessa hits you but does no damage.
You feel drained.
Duvessa hits you with a +0 short sword of draining!
You feel drained.
You are too injured to fight recklessly!
You are too injured to fight recklessly!
You are too injured to fight recklessly!
You are too injured to fight recklessly!
You are too injured to fight recklessly!
You are too injured to fight recklessly!
You are too injured to fight recklessly!
You are too injured to fight recklessly!
You are too injured to fight recklessly!
You are too injured to fight recklessly!
You are too injured to fight recklessly!
You are too injured to fight recklessly!
You are too injured to fight recklessly!
You are too injured to fight recklessly!
You are too injured to fight recklessly!
You are too injured to fight recklessly!
You are too injured to fight recklessly!
You are too injured to fight recklessly!
You barely miss Duvessa. You headbutt Duvessa, but do no damage.
Duvessa is heavily wounded.
Duvessa misses you. You furiously retaliate!
You headbutt Duvessa.
Duvessa hits you with a +0 short sword of draining!
* * * LOW HITPOINT WARNING * * *
You feel drained.
* * * LOW HITPOINT WARNING * * *
You hit Duvessa but do no damage. Your headbutt misses Duvessa.
Duvessa is heavily wounded.
Duvessa hits you with a +0 short sword of draining!
You die...

*,*********,******* #.*
*,* #.* ##+## #.* ##...##
#.* ##.)...## ##.###
##..<....##
##....###.........###
#..).$[.+.....<...'..
*#.e@.#*#.........###
##.#.# ##.......## ###.#*
##.)...## ##.#.#* ##...##
####.###.## ##'## #...##
##.# #.# #.##.###.#####.#
*####.###.#........##
*..........###.##...######


You could see Duvessa (berserk).

Vanquished Creatures
  Grinder (D:3)
  Pargi (D:3)
  A sky beast (D:3)
  Dowan (D:4)
  An iguana (D:4)
  2 orc wizards (D:4)
  An adder (D:4)
  2 dart slugs
  2 ribbon worms
  8 orcs
  A ball python (D:1)
  4 bats
  8 endoplasms
  4 giant cockroaches
  2 hobgoblins
  2 jackals (D:4)
  A quokka (D:4)
  4 frilled lizards
  4 goblins
  3 kobolds
  3 rats
56 creatures vanquished.

Notes
Turn   | Place    | Note
-------+----------+-------------------------------------------
     0 | D:1      | BigPumpCobain the Minotaur Fighter began the quest for the
                  | Orb.
     0 | D:1      | Reached XP level 1. HP: 19/19 MP: 0/0
   241 | D:1      | Reached XP level 2. HP: 27/27 MP: 1/1
   516 | D:1      | Found a faded altar of an unknown god.
   570 | D:1      | Reached skill level 3 in Axes
  1404 | D:3      | Reached XP level 3. HP: 33/33 MP: 2/2
  1670 | D:3      | Noticed Grinder
  1674 | D:3      | Paralysed by Grinder for 4 turns
  1678 | D:3      | Killed Grinder
  1679 | D:3      | Reached skill level 4 in Axes
  1679 | D:3      | Reached XP level 4. HP: 26/41 MP: 3/3
  1679 | D:3      | Reached XP level 5. HP: 29/47 MP: 4/4
  1808 | D:3      | Noticed Pargi
  1828 | D:3      | Killed Pargi
  1829 | D:3      | Reached skill level 5 in Fighting
  1829 | D:3      | Reached skill level 5 in Axes
  1829 | D:3      | Reached skill level 5 in Armour
  1829 | D:3      | Reached skill level 5 in Shields
  1829 | D:3      | Reached XP level 6. HP: 16/56 MP: 5/5
  2032 | D:4      | Noticed a sky beast
  2041 | D:3      | Killed a sky beast
  2451 | D:4      | Reached skill level 6 in Axes
  2480 | D:4      | Found a staircase to the Ecumenical Temple.
  2497 | Temple   | Entered the Ecumenical Temple
  2885 | D:4      | Reached XP level 7. HP: 50/61 MP: 6/6
  2951 | D:4      | Noticed Dowan
  2952 | D:4      | Noticed Duvessa
  2957 | D:4      | Killed Dowan
  2961 | D:4      | Mangled by Duvessa

Illustrated notes

Levels and vault maps discovered:
D:1:      nzn_arrival_water_spiral, layout_loops_cross, basic_ecumenical_altar,
          dk_noncrumbling_2
D:2:      layout_loops_ring, nicolae_underground_beach
D:3:      layout_basic, lemuel_flame_loot_1, uniq_pargi, uniq_grinder
D:4:      layout_loops_corners, minmay_temple_entry_tees, uniq_duvessa
Temple:   nicolae_temple_great_sept

Skill      XL: |  1  2  3  4  5  6 |
---------------+-------------------+-----
Axes           | 3 4 5 6 |  6.2
Fighting       | 4 5 |  5.4
Armour         | 4 5 |  5.4
Shields        | 4 5 |  5.4

Action                     |  1- 3 |  4- 6 |  7- 9 || total
---------------------------+-------+-------+-------++-------
  Melee: War axe           |    58 |    50 |       ||   108
         Headbutt          |    10 |    10 |     3 ||    23
         Broad axe         |       |    24 |    12 ||    36
    Use: Potion            |     1 |       |       ||     1
         Scroll            |       |     3 |       ||     3
 Armour: Scale mail        |    37 |    90 |    13 ||   140
  Dodge: Dodged            |    28 |    33 |     8 ||    69
  Block: Buckler           |     4 |    27 |     3 ||    34
